 Dungeon Crawl Stone Soup version 0.25.0-37-gb73750e0fb (webtiles) character file.

Game seed: 9565425006499595937

171 ANON1729 the Firebug (level 5, -4/35 HPs)
             Began as a Barachi Fire Elementalist on July 9, 2020.
             Slain by an orc
             ... wielding a +0 club
              (6 damage)
             ... on level 3 of the Dungeon.
             The game lasted 00:07:06 (2773 turns).

ANON1729 the Firebug (Barachi Fire Elementalist)    Turns: 2773, Time: 00:07:07

Health: -4/35      AC:  2    Str:  9    XL:     5   Next: 51%
Magic:  3/9        EV: 13    Int: 17    God:
Gold:   118        SH:  0    Dex: 12    Spells: 3/10 levels left

rFire    + + .     SeeInvis .   d - -2 dagger (curse)
rCold    x . .     Gourm    .   (no shield)
rNeg     . . .     Faith    .   a - +0 robe
rPois    .         Spirit   .   b - +0 hat
rElec    .         Reflect  .   (no cloak)
rCorr    .         Harm     .   (no gloves)
MR       .....                  (no boots)
Stlth    ++........             (no amulet)
HPRegen  0.11/turn              g - ring of fire
MPRegen  0.11/turn              k - ring of protection from fire

@: mighty, can't hop, flying, very slightly contaminated, slow
A: +LOS, swims, slowness 1, strong legs 1
a: Hop


You were on level 3 of the Dungeon.
You were not hungry.

You visited 1 branch of the dungeon, and saw 3 of its levels.

You collected 118 gold pieces.

Inventory:

Hand Weapons
 d - a cursed -2 dagger (weapon)
 n - a +2 dagger of draining
Armour
 a - a +0 robe (worn)
 b - a +0 hat (worn)
Jewellery
 g - a ring of fire (left hand)
 k - a ring of protection from fire (right hand)
Scrolls
 e - a scroll of teleportation {unknown}
 h - a scroll of enchant armour {unknown}
 l - a scroll of immolation
 m - a scroll of magic mapping {unknown}
 o - a scroll of fear {unknown}
Potions
 j - a potion of ambrosia {unknown}
 q - a potion of degeneration {unknown}
Comestibles
 c - 5 rations
 p - a chunk of flesh


   Skills:
 + Level 1.7 Armour
 + Level 3.1 Dodging
 + Level 2.8 Stealth
 + Level 3.0 Spellcasting
 + Level 2.4 Conjurations
 + Level 4.1 Fire Magic


You had 3 spell levels left.
You knew the following spells:

 Your Spells              Type           Power        Failure   Level  Hunger
a - Foxfire               Conj/Fire      ###.         4%          1    None
b - Conjure Flame         Conj/Fire      ###.....     14%         3    ###....
c - Inner Flame           Hex/Fire       ##......     22%         3    ###....

Your spell library contained the following spells:

 Spells                   Type           Power        Failure   Level  Hunger
 Sticky Flame             Conj/Fire      ###.....     41%         4    ####...
 Fireball                 Conj/Fire      ###.......   77%         5    ######.


Dungeon Overview and Level Annotations

Branches:
Dungeon (3/15)

Altars:
Fedhas
Nemelex Xobeh


Innate Abilities, Weirdness & Mutations

You can be seen from farther away. (+LOS)
You can swim through water.
You cover ground slowly.
You can hop short distances.


Message History

Confirm with . or Enter, or press ? or * to list all spells.
You feel a surge of power!
You conjure some foxfire!
The foxfire hits the orc but does no damage.
The foxfire hits the orc.
The orc is lightly wounded.
Casting: Foxfire (safe; 4% risk of failure)
Confirm with . or Enter, or press ? or * to list all spells.
You feel a surge of power!
You miscast Foxfire.
You are very lightly contaminated with residual magic.
Nothing appears to happen.
You closely miss the orc.
The orc is lightly wounded.
The orc hits you but does no damage.
You barely miss the orc.
The orc is lightly wounded.
The orc barely misses you.
You hit the orc.
The orc is heavily wounded.
The orc hits you with a +0 club.
You die...

#..##.......#
#.#.......###
#..####...#
#..# #####
#..# #..#
#..#
#..##########
#@o..).).$..#
##.########.#
#.?..§o..o.
#.#.#.######
#.##.#..# ...
..# #.# ###
### ##


You could see an orc.

Vanquished Creatures
  2 orc priests (D:3)
  2 orc wizards (D:3)
  A worker ant zombie (D:3)
  A worm (D:2)
  A leopard gecko (D:2)
  4 orcs (D:3)
  6 bats
  2 giant cockroaches (D:1)
  12 goblins
  3 hobgoblins (D:1)
  5 jackals (D:2)
  A quokka (D:2)
  3 frilled lizards
  6 kobolds
  7 rats
56 creatures vanquished.

Vanquished Creatures (others)
  109 foxfires
  3 toadstools (D:3)
112 creatures vanquished.

Grand Total: 168 creatures vanquished

Notes
Turn   | Place    | Note
-------+----------+-------------------------------------------
     0 | D:1      | ANON1729 the Barachi Fire Elementalist began the quest for
                  | the Orb.
     0 | D:1      | Reached XP level 1. HP: 13/13 MP: 3/3
   235 | D:1      | Reached XP level 2. HP: 19/19 MP: 0/5
   599 | D:1      | Reached XP level 3. HP: 13/24 MP: 0/6
  1150 | D:2      | Found a blossoming altar of Fedhas.
  1235 | D:2      | Found a sparkling altar of Nemelex Xobeh.
  1459 | D:2      | Learned a level 3 spell: Conjure Flame
  1463 | D:2      | Learned a level 3 spell: Inner Flame
  2239 | D:3      | HP: 1/24 [something/exploding inner flame[the player
                  | character] (7)]
  2239 | D:3      | Reached skill level 1 in Armour
  2239 | D:3      | Reached XP level 4. HP: 1/30 MP: 0/8
  2755 | D:3      | Reached skill level 4 in Fire Magic
  2755 | D:3      | Reached XP level 5. HP: 6/35 MP: 3/9
  2765 | D:3      | HP: 1/35 [orc/+0 club (3)]
  2773 | D:3      | Slain by an orc

Illustrated notes

Levels and vault maps discovered:
D:1:      nzn_arrival_crosshair, layout_basic
D:2:      layout_basic, nemelex_altar_shiori, fedhas_altar_fruit_tree,
          first_ration
D:3:      layout_loops_ring, minmay_gold_behind_fungi, grunt_dithmenos_smoke

Skill      XL: |  1  2  3  4 |
---------------+-------------+-----
Stealth        | 2 |  2.8
Conjurations   | 2 |  2.4
Armour         | 1 |  1.7
Dodging        | 3 |  3.1
Spellcasting   | 3 |  3.0
Fire Magic     | 4 |  4.1

Action                   |  1- 3 |  4- 6 || total
-------------------------+-------+-------++-------
Melee: Dagger            |    41 |    20 ||    61
 Cast: Foxfire           |    59 |    19 ||    78
 Abil: Hop               |       |     1 ||     1
  Use: Scroll            |     1 |       ||     1
       Potion            |       |     2 ||     2
  Eat: Chunk             |     5 |     2 ||     7
Armor: Robe              |    24 |    11 ||    35
Dodge: Dodged            |    52 |    25 ||    77
